 Dungeon Crawl Stone Soup version 0.28.0-53-g5a82cb258f (webtiles) character file.

Game seed: 17140150224110712446

501 Jerry the Skirmisher (level 7, 0/82 HPs)
             Began as a Human Berserker on July 29, 2022.
             Was a Believer of Trog.
             Slain by an orc wizard
             ... wielding a +0 dagger
              (3 damage)
             ... on level 4 of the Dungeon.
             The game lasted 00:09:49 (3923 turns).

Jerry the Skirmisher (Human Berserker)              Turns: 3923, Time: 00:09:51

Health: 0/82       AC:  5    Str: 25    XL:     7   Next: 40%
Magic:  7/7        EV: 12    Int:  7    God:    Trog [**....]
Gold:   169        SH:  0    Dex: 13    Spells: 6/6 levels left

rFire   . . .      SeeInvis .   a - +0 hand axe
rCold   . . .      Faith    .   (no shield)
rNeg    + . .      Spirit   .   b - +0 animal skin
rPois   .          Reflect  .   q - +0 helmet
rElec   .          Harm     .   (no cloak)
rCorr   .          Rampage  .   n - +0 pair of gloves
Will    .....                   j - +0 pair of boots
Stlth   ..........              (no amulet)
HPRegen 0.23/turn               c - ring of positive energy
MPRegen 0.10/turn               f - +6 ring of strength

@: berserking, attractive, flying, very quick
A: no striking features
a: Renounce Religion, Berserk, Trog's Hand


You were on level 4 of the Dungeon.
You worshipped Trog.
Trog was pleased with you.
You visited 1 branch of the dungeon, and saw 5 of its levels.

You collected 169 gold pieces.

Inventory:

Hand Weapons
 a - a +0 hand axe (weapon)
Missiles
 h - 5 boomerangs (quivered)
Armour
 b - a +0 animal skin (worn)
 j - a +0 pair of boots (worn)
 n - a +0 pair of gloves (worn)
 q - a +0 helmet (worn)
Jewellery
 c - a ring of positive energy (left hand)
 f - a +6 ring of strength (right hand)
Wands
 p - a wand of acid (5)
 s - a wand of iceblast (7)
Scrolls
 e - 3 scrolls of magic mapping {unknown}
 g - 2 scrolls of identify {unknown}
 k - a scroll of fear {unknown}
 o - 2 scrolls of teleportation {unknown}
 r - a scroll of silence {unknown}
 t - 2 scrolls of enchant armour {unknown}
 v - a scroll of noise {unknown}
 w - a scroll of vulnerability {unknown}
Potions
 d - 2 potions of flight
 i - 2 potions of magic {unknown}
 l - 2 potions of attraction
 m - a potion of berserk rage
 u - a potion of lignification {unknown}


   Skills:
 + Level 4.7 Fighting
 + Level 4.7 Axes
 + Level 3.0 Throwing
 + Level 4.0 Armour
 - Level 2.5 Dodging


You had 6 spell levels left.
You didn't know any spells.
Your spell library was empty.

Dungeon Overview and Level Annotations

Branches:
Dungeon (5/15)
 Temple: D:4-7

Altars:
Sif Muna


Message History

You miss the orc wizard.
The orc priest calls down the wrath of Beogh upon you.
Beogh smites you!
* * * LOW HITPOINT WARNING * * *
The orc wizard hits you but does no damage.
It was a potion of flight.
You feel very buoyant.
You fly up into the air.
The orc priest hits you but does no damage.
The orc wizard hits you with a +0 dagger.
* * * LOW HITPOINT WARNING * * *
Okay, then.
You are too confused!
It was a potion of attraction.
You feel attractive to monsters.
The orc priest invokes the aid of Beogh against you.
Beogh smites you!
* * * LOW HITPOINT WARNING * * *
The orc wizard hits you but does no damage.
The orc is attracted toward you.
It was a potion of berserk rage.
A red film seems to cover your vision as you go berserk!
You feel yourself moving faster!
You feel mighty!
You feel less confused. The orc priest barely misses you.
The orc wizard barely misses you. The orc hits you but does no damage.
You closely miss the orc priest.
The orc priest is lightly wounded.
You hit the orc. You hit the orc wizard. The orc priest closely misses you.
The orc wizard gestures wildly while chanting.
The orc wizard flickers and vanishes!
Deactivating autopickup; reactivate with Ctrl-A.
You closely miss the orc priest.
The orc priest is lightly wounded.
You hit the orc.
You kill the orc!
Trog accepts your kill.
You barely miss something. The orc priest completely misses you.
Something hits you.
You die...

#.######.########
####>#...#...........)..
.................#######
#...#.#...#......#
#.#...#.#.......##
#.....#...#.....#
#.ยง...#..#......#
#..)..###...#...+
#.o@#..#..#....#
#...#{#...###.....+
...#...#...#...#....# .
..#..#..#.....#.+##
....#####.........#
....# #..#.....#..# ...#
#...#...#...# ##
#.#...###....# #...#..
#...#


You could see an orc priest.

Vanquished Creatures
  2 ogres
  A centaur (D:5)
  2 hounds
  A gnoll shaman (D:4)
  An iguana (D:4)
  2 hound skeletons (D:5)
  4 adders
  4 worms
  A dart slug (D:2)
  3 orcs (D:4)
  8 bats
  7 endoplasms
  3 giant cockroaches
  4 goblins
  3 hobgoblins
  4 jackals (D:1)
  7 kobolds
  8 ball pythons
  4 frilled lizards
  A quokka skeleton (D:4)
  5 rats
75 creatures vanquished.

Notes
Turn   | Place    | Note
-------+----------+-------------------------------------------
     0 | D:1      | Jerry the Human Berserker began the quest for the Orb.
     0 | D:1      | Reached XP level 1. HP: 18/18 MP: 1/1
    49 | D:1      | Found a faded altar of an unknown god.
   130 | D:1      | Reached XP level 2. HP: 22/24 MP: 2/2
   581 | D:1      | Reached XP level 3. HP: 29/29 MP: 3/3
   773 | D:1      | Reached ** piety under Trog
  1463 | D:2      | Reached XP level 4. HP: 35/35 MP: 4/4
  2223 | D:3      | Found a shimmering blue altar of Sif Muna.
  2223 | D:3      | You fall into a shaft and drop 2 floors!
  2223 | D:5      | Entered Level 5 of the Dungeon
  2229 | D:5      | Noticed a centaur
  2237 | D:5      | Killed a centaur
  2238 | D:5      | Reached skill level 1 in Throwing
  2238 | D:5      | Reached XP level 5. HP: 42/42 MP: 5/5
  2409 | D:5      | Noticed an ogre
  2421 | D:5      | Killed an ogre
  2422 | D:5      | Reached XP level 6. HP: 48/48 MP: 6/6
  3335 | D:4      | Noticed an ogre
  3343 | D:4      | Killed an ogre
  3344 | D:4      | Reached XP level 7. HP: 55/55 MP: 7/7
  3920 | D:4      | HP: 1/55 [orc priest/divine providence (13)]
  3923 | D:4      | Slain by an orc wizard

Illustrated notes

Levels and vault maps discovered:
D:1:      scummos_arrival_star, layout_loops_ring,
          chequers_ecumenical_altar_simple_redux, hangedman_decor_push,
          minmay_statues_item
D:2:      layout_loops_ring
D:3:      layout_rooms, nicolae_sif_muna_condensation, minivault_24,
          grunt_ministairs_9
D:4:      layout_basic, temple_hall, chequers_serial_rivers_micro_d,
          minmay_door_square, minmay_splitting_lines, hex_large, st_stairs_5
D:5:      nicolae_cairo_tiling_very_big, layout_cave_pools, serial_undead,
          serial_undead_e, serial_undead_e, serial_undead_e, serial_undead_f,
          serial_undead_b, serial_undead_b

Skill      XL: |  1  2  3  4  5  6  7 |
---------------+----------------------+-----
Throwing       | 1 2 3 |  3.0
Armour         | 3 4 |  4.0
Fighting       | 4 |  4.7
Axes           | 4 |  4.7
Dodging        | |  2.5

Action                   |  1- 3 |  4- 6 |  7- 9 || total
-------------------------+-------+-------+-------++-------
Melee: Hand axe          |   100 |   124 |    50 ||   274
       Punch             |       |     1 |     1 ||     2
Invok: Berserk           |       |     5 |       ||     5
       Trog's Hand       |       |     1 |       ||     1
  Use: Potion            |       |       |     3 ||     3
 Stab: Sleeping          |     2 |       |       ||     2
Armor: Animal skin       |    21 |    38 |    16 ||    75
Dodge: Dodged            |    93 |    82 |    32 ||   207
